 Dungeon Crawl Stone Soup version 0.31-a0-83-gbff143cfd1 (webtiles) character file.

Game seed: 11226168519899809873

18 IdlyInterested the Conjurer (level 2, -1/22 HPs)
             Began as a Demonspawn Wanderer on May 24, 2023.
             Slain by a gnoll
             ... wielding a +0 spear
              (4 damage)
             ... on level 2 of the Dungeon.
             The game lasted 00:05:15 (886 turns).

IdlyInterested the Conjurer (Demonspawn Wanderer)    Turns: 886, Time: 00:05:15

Health: -1/22      AC:  6    Str: 12    XL:     2   Next: 51%
Magic:  1/3        EV:  9    Int: 13    God:
Gold:   56         SH:  0    Dex: 12    Spells: 2/3 levels left

rFire   . . .        a - +0 war axe
rCold   . . .        (no shield)
rNeg    . . .        k - +0 scale mail
rPois   .            (no helmet)
rElec   .            (no cloak)
rCorr   .            (no gloves)
SInv    .            (no boots)
Will    .....        (no amulet) Stlth
                     (no ring)
HPRegen 0.23/turn    (no ring)
MPRegen 0.08/turn

%: no passive effects
@: very slightly contaminated
A: foul stench 1
a: no special abilities


You were on level 2 of the Dungeon.
You visited 1 branch of the dungeon, and saw 2 of its levels.

You collected 56 gold pieces.

Inventory:

Hand Weapons
 a - a +0 war axe (weapon)
 e - a +0 short sword
Armour
 d - a +0 robe
 k - a +0 scale mail (worn)
Jewellery
 j - a ring of ice
Wands
 b - a wand of flame (6)
Scrolls
 c - a scroll of vulnerability
 f - a scroll of identify {unknown}
 g - a scroll of magic mapping {unknown}
 l - a scroll of teleportation {unknown}
Potions
 h - 2 potions of lignification {unknown}
 i - a potion of attraction {unknown}


   Skills:
 * Level 1.8 Fighting
 - Level 1.7 Axes
 - Level 1.0 Throwing
 + Level 1.0 Armour
 - Level 1.0 Dodging
 - Level 1.0 Stealth
 - Level 1.0 Spellcasting
 - Level 2.0 Conjurations
 - Level 1.0 Air Magic
 - Level 1.0 Evocations


You had 2 spell levels left.
You knew the following spells:

 Your Spells              Type           Power      Damage    Failure   Level
a - Shock                 Conj/Air       16%        1d4       65%         1

Your spell library contained the following spells:

 Spells                   Type           Power      Damage    Failure   Level
 Beastly Appendage        Tmut           0%         N/A       83%         1
 Wereblood                Tmut           0%         N/A       92%         2
 Dazzling Flash           Conj/Hex       4%         N/A       97%         3
 Spider Form              Tmut/Pois      0%         N/A       99%         3


Dungeon Overview and Level Annotations

Branches:
Dungeon (2/15)

Altars:


Innate Abilities, Weirdness & Mutations

You may rarely emit foul miasma when damaged in melee.


Message History

Aiming: Shock (safe; 65% risk of failure)
Press: ? - help, Q - select action, (/) - cycle Shift-Dir - straight line, f/p - gnoll
Aim: a gnoll, wielding a +0 whip (69% to hit)
The zap hits the gnoll.
The gnoll is lightly wounded.
The zap hits the gnoll.
The gnoll is lightly wounded.
The giant cockroach completely misses you.
A gnoll comes into view. It is wielding a +0 spear.
You barely miss the giant cockroach. The giant cockroach barely misses you.
The giant cockroach bites you but does no damage.
You barely miss the giant cockroach.
The giant cockroach bites you but does no damage.
The giant cockroach bites you.
You closely miss the giant cockroach. You closely miss the gnoll.
The gnoll closely misses you.
The giant cockroach bites you but does no damage.
The gnoll barely misses you.
The giant cockroach bites you but does no damage.
You hit the giant cockroach.
The giant cockroach is heavily wounded.
You hit the gnoll. x2; The gnoll hits you but does no damage.
The giant cockroach closely misses you.
You closely miss the giant cockroach.
The giant cockroach is heavily wounded.
You closely miss the gnoll. You slash the gnoll!
The giant cockroach bites you but does no damage.
The gnoll hits you from afar with a +0 spear.
The gnoll hits you but does no damage. The gnoll closely misses you.
The giant cockroach closely misses you.
The gnoll hits you from afar with a +0 spear.
The gnoll hits you with a +0 whip. x2
* * * LOW HITPOINT WARNING * * *
You barely miss the giant cockroach.
The giant cockroach is heavily wounded.
You closely miss the gnoll. You barely miss the gnoll.
The giant cockroach bites you.
* * * LOW HITPOINT WARNING * * *
The gnoll hits you from afar with a +0 spear.
You die...

##### ##...##
##.....##
#.......#
#.......#
#.......#
#...Bg######
##...@.g.....
#....g..##...
#.<....)#
#.......#
##.....##
##...## #...#
#?### #.


You could see 3 gnolls and a giant cockroach.

Vanquished Creatures
  5 bats (D:1)
  A giant cockroach (D:1)
  2 hobgoblins (D:1)
  3 jackals (D:1)
  3 ball pythons (D:1)
  A frilled lizard (D:1)
  2 rats (D:1)
17 creatures vanquished.

Notes
Turn   | Place    | Note
-------+----------+-------------------------------------------
     0 | D:1      | IdlyInterested the Demonspawn Wanderer began the quest for
                  | the Orb.
     0 | D:1      | IdlyInterested set off with the following items: a +0 war
                  | axe, a wand of flame (6), a scroll of vulnerability, a +0
                  | robe; and the following spell memorised: Shock; and the
                  | following spells available to memorise: Dazzling Flash.
     0 | D:1      | Reached XP level 1. HP: 13/13 MP: 2/2
   100 | D:1      | Reached skill level 1 in Fighting
   172 | D:1      | Gained mutation: You may rarely emit foul miasma when
                  | damaged in melee. [demonic ancestry]
   172 | D:1      | Reached XP level 2. HP: 8/21 MP: 3/3
   675 | D:1      | Reached skill level 1 in Air Magic
   886 | D:2      | Slain by a gnoll

Illustrated notes

Levels and vault maps discovered:
D:1:      nicolae_arrival_memento_mori, layout_basic,
          amcnicky_mini_rare_corridor_liquid
D:2:      layout_rooms, uniq_robin

Skill      XL: |  1  2 |
---------------+-------+-----
Fighting       | 1 |  1.8
Air Magic      | 1 |  1.0
Axes           | |  1.7
Throwing       | |  1.0
Armour         | |  1.0
Dodging        | |  1.0
Stealth        | |  1.0
Spellcasting   | |  1.0
Conjurations   | |  2.0
Evocations     | |  1.0

Action                     || total
---------------------------++-------
  Melee: War axe           ||    62
         Punch             ||     1
   Cast: Shock             ||     8
   Stab: Sleeping          ||     4
 Armour: Robe              ||    23
         Scale mail        ||    11
  Dodge: Dodged            ||    70

Table legend: (Time is in decaauts)
 A = Elapsed time spent in this place.
 B = Non-inter-level travel time spent in this place.
 C = Inter-level travel time spent in this place.
 D = Time resting spent in this place.
 E = Time spent auto-exploring this place.
 F = Levels seen in this place.
 G = Mean time per level.
                   A        B        C        D        E       F      G
               +--------+--------+--------+--------+--------+-----+--------+
         Total |    911 |    902 |      9 |     98 |    592 |   2 |  455.5 |
       Dungeon |    911 |    902 |      9 |     98 |    592 |   2 |  455.5 |
               +--------+--------+--------+--------+--------+-----+--------+

Top non-repeatable levels by time:
     D:1: 899 daAuts
     D:2: 12 daAuts
